 Dungeon Crawl Stone Soup version 0.29.1-12-g30fa7ad0bf (webtiles) character file.

Game seed: 15622625116959966732

190 safid the Shooter (level 5, -2/48 HPs)
             Began as a Minotaur Hunter on Dec 19, 2022.
             Slain by a crimson imp
             ... wielding a +2 dagger of chaos
              (5 damage)
             ... on level 3 of the Dungeon.
             The game lasted 00:03:44 (2176 turns).

safid the Shooter (Minotaur Hunter)                 Turns: 2176, Time: 00:03:46

Health: -2/48      AC:  3    Str: 16    XL:     5   Next: 41%
Magic:  4/4        EV: 12    Int:  6    God:
Gold:   170        SH:  0    Dex: 15    Spells: 4/4 levels left

rFire   . . .      SeeInvis +   a - +0 shortbow
rCold   . . .      Faith    .   (shield currently unavailable)
rNeg    . . .      Spirit   .   c - +0 leather armour
rPois   .          Reflect  .   (helmet restricted)
rElec   .          Harm     .   (no cloak)
rCorr   .          Rampage  .   (no gloves)
Will    .....                   (no boots)
Stlth   +.........              (no amulet)
HPRegen 0.16/turn               h - ring of see invisible
MPRegen 0.09/turn               (no ring)

@: mighty, lethally poisoned (-2 -> -8)
A: horns 2, retaliatory headbutt
a: no special abilities


You were on level 3 of the Dungeon.
You visited 1 branch of the dungeon, and saw 3 of its levels.

You collected 170 gold pieces.

Inventory:

Hand Weapons
 a - a +0 shortbow (weapon)
Armour
 c - a +0 leather armour (worn)
Jewellery
 h - a ring of see invisible (left hand)
Scrolls
 b - 2 scrolls of immolation
 d - 4 scrolls of identify {unknown}
 e - a scroll of brand weapon {unknown}
 i - a scroll of enchant weapon {unknown}
 l - a scroll of silence {unknown}
 m - a scroll of vulnerability {unknown}
 p - a scroll of poison {unknown}
Potions
 f - a potion of flight {unknown}
 g - a potion of lignification {unknown}
 j - a potion of haste {unknown}
 k - a potion of might
 n - a potion of brilliance {unknown}
 o - a potion of invisibility {unknown}


   Skills:
 + Level 5.1 Fighting
 + Level 6.1 Ranged Weapons
 - Level 2.1 Dodging
 - Level 0.7 Stealth


You had 4 spell levels left.
You didn't know any spells.
Your spell library contained the following spells:

 Spells                   Type           Power      Damage    Failure   Level
 Necrotise                Necr           0%         1d4       52%         1
 Ensorcelled Hibernation  Hex/Ice        0%         N/A       67%         2
 Passwall                 Tmut/Erth      0%         N/A       67%         2
 Swiftness                Air            0%         N/A       88%         3
 Vampiric Draining        Necr           0%         2d6       88%         3
 Agony                    Necr           0%         N/A       100%        5


Dungeon Overview and Level Annotations

Branches:
Dungeon (3/15)

Altars:
Xom


Innate Abilities, Weirdness & Mutations

You have a pair of horns on your head.
You reflexively headbutt those who attack you in melee.


Message History

The crimson imp hits you with a +2 dagger of chaos.
* * * LOW HITPOINT WARNING * * *
The crimson imp freezes you.
* * * LOW HITPOINT WARNING * * *
Unknown command.
Unknown command.
Fire: a) +0 shortbow
Press: ? - help, Q - select action Shift-Dir - straight line, f/p - crimson imp
Aim: a crimson imp (heavily wounded, 51% to hit)
You shoot an arrow.
The arrow barely misses the crimson imp.
The crimson imp barely misses you.
Fire: a) +0 shortbow
Press: ? - help, Q - select action Shift-Dir - straight line, f/p - crimson imp
Aim: a crimson imp (heavily wounded, 51% to hit)
You shoot an arrow.
The arrow closely misses the crimson imp.
The crimson imp hits you with a +2 dagger of chaos.
* * * LOW HITPOINT WARNING * * *
The crimson imp burns you.
* * * LOW HITPOINT WARNING * * *
The crimson imp hits you.
* * * LOW HITPOINT WARNING * * *
Fire: a) +0 shortbow
Press: ? - help, Q - select action Shift-Dir - straight line, f/p - crimson imp
Aim: a crimson imp (heavily wounded, 51% to hit)
You shoot an arrow.
The arrow hits the crimson imp but does no damage.
The crimson imp is heavily wounded.
The crimson imp hits you but does no damage.
You are lethally poisoned!
The crimson imp hits you.
* * * LOW HITPOINT WARNING * * *
It was a potion of might.
You feel very mighty all of a sudden.
* * * LOW HITPOINT WARNING * * *
You feel sick.
The crimson imp grinds its teeth.
The crimson imp hits you with a +2 dagger of chaos.
You die...

# ######################
#^# #....................#
#...####################.#
+._.'.####### #.#
#...#...5@5.# #.# #5#
#######.# #.# # ###.# #.#
#...# #.. #.### #.. #.#
######.. #.# #....... #.#
#.#.#.#. #.# #.......


You could see 2 crimson imps.

Vanquished Creatures
  2 crimson imps (D:3)
  5 adders
  A worm (D:2)
  3 dart slugs
  An orc (D:3)
  5 ball pythons
  8 endoplasms
  A giant cockroach (D:2)
  4 goblins
  6 hobgoblins
  8 jackals
  A quokka (D:1)
  5 bats
  7 frilled lizards
  5 kobolds
  5 rats
67 creatures vanquished.

Notes
Turn   | Place    | Note
-------+----------+-------------------------------------------
     0 | D:1      | safid the Minotaur Hunter began the quest for the Orb.
     0 | D:1      | Reached XP level 1. HP: 18/18 MP: 0/0
   299 | D:1      | Reached XP level 2. HP: 25/25 MP: 1/1
   698 | D:1      | Reached skill level 5 in Ranged Weapons
   698 | D:1      | Reached XP level 3. HP: 31/31 MP: 2/2
  1223 | D:2      | Reached XP level 4. HP: 40/40 MP: 3/3
  2150 | D:3      | Found a shimmering altar of Xom.
  2157 | D:3      | Reached XP level 5. HP: 47/47 MP: 4/4
  2161 | D:3      | Reached skill level 5 in Fighting
  2161 | D:3      | Reached skill level 6 in Ranged Weapons
  2176 | D:3      | Slain by a crimson imp

Illustrated notes

Levels and vault maps discovered:
D:1:      minmay_arrival_loop, layout_basic
D:2:      layout_basic
D:3:      layout_loops_ring, led_xom_imps, nrook_mini_backslash,
          minmay_misc_feat_doors

Skill      XL: |  1  2  3  4  5 |
---------------+----------------+-----
Fighting       | 3 4 5 |  5.1
Ranged Weapons | 5 6 |  6.1
Dodging        | |  2.1
Stealth        | |  0.7

Action                   |  1- 3 |  4- 6 || total
-------------------------+-------+-------++-------
 Fire: Shortbow          |   104 |    74 ||   178
  Use: Potion            |       |     1 ||     1
Armor: Leather armour    |    16 |     5 ||    21
Dodge: Dodged            |    34 |    13 ||    47
